 Dungeon Crawl Stone Soup version 0.23-a0-484-g29ba69c (webtiles) character file.

192256 theanonym the Warrior (level 17, -7/142 HPs)
             Began as a Mummy Necromancer on Nov 30, 2018.
             Was the Champion of Vehumet.
             Killed by dispel undead
             ... invoked by Pamm's ghost
              (56 damage)
             ... on level 4 of the Lair of Beasts.
             The game lasted 02:18:04 (45462 turns).

theanonym the Warrior (Mummy Necromancer)          Turns: 45462, Time: 02:18:04

Health: -7/142     AC: 20    Str: 12    XL:     17   Next: 60%
Magic:  19/44      EV: 16    Int: 29    God:    Vehumet [******]
Gold:   1170       SH:  7    Dex: 13    Spells: 12/45 levels left

rFire    + . .     SeeInvis .   b - +2 scimitar (elec)
rCold    x x .     Gourm    .   G - +2 buckler
rNeg     + + +     Faith    .   D - +4 troll leather armour
rPois    ∞         Spirit   .   J - +2 hat {Int+3}
rElec    .         Reflect  .   q - +2 cloak
rCorr    .         Harm     .   j - +2 pair of gloves
MR       ++...                  l - +2 pair of boots
Stlth    ++........             p - amulet of the acrobat
HPRegen  0.73/turn              m - ring "Diczuir" {rF- MP+9 Int+6 Stlth+}
MPRegen  0.29/turn              w - ring of fire

@: immune to fire clouds (expiring), about to teleport, very slow
A: no food or potions, fire vulnerability, cold resistance 1, negative energy
resistance 3, torment resistance, unbreathing, in touch with death 1
}: 1/15 runes: gossamer
a: Renounce Religion


Innate Abilities, Weirdness & Mutations

You do not eat or drink.
Your flesh is vulnerable to fire.
You are immune to poison.
Your flesh is cold resistant. (rC+)
You are immune to negative energy. (rN+++)
You are immune to unholy pain and torment.
You can survive without breathing.
You are in touch with the powers of death.


   Skills:
 + Level 15.0 Fighting
 + Level 5.5 Armour
 + Level 8.2 Dodging
 - Level 1.6 Stealth
 - Level 4.0 Shields
 + Level 14.6 Spellcasting
 - Level 10.2 Conjurations
 - Level 10.0 Charms
 - Level 6.0 Necromancy
 + Level 12.2 Fire Magic
 - Level 4.0 Poison Magic


You had 12 spell levels left.
You knew the following spells:

 Your Spells              Type           Power        Failure   Level  Hunger
a - Poison Arrow          Conj/Pois      ######....   7%          6    N/A
b - Bolt of Draining      Conj/Necr      #######...   1%          5    N/A
c - Vampiric Draining     Necr           ######....   1%          3    N/A
d - Mephitic Cloud        Conj/Pois/Air  #####...     1%          3    N/A
e - Animate Dead          Necr           N/A          2%          4    N/A
f - Fireball              Conj/Fire      ########..   1%          5    N/A
g - Ring of Flames        Chrm/Fire      ########..   26%         7    N/A

Your spell library contained the following spells:

 Spells                   Type           Power        Failure   Level  Hunger
 Spellforged Servitor     Conj/Summ      ######....   58%         7    N/A
 Animate Skeleton         Necr           N/A          1%          1    N/A
 Flame Tongue             Conj/Fire      #####        1%          1    N/A
 Pain                     Necr           ####         1%          1    N/A
 Poisonous Vapours        Pois/Air       ####..       1%          2    N/A
 Throw Flame              Conj/Fire      ######       1%          2    N/A
 Conjure Flame            Conj/Fire      ########     1%          3    N/A
 Inner Flame              Hex/Fire       #######.     1%          3    N/A
 Sticky Flame             Conj/Fire      ########     1%          4    N/A
 Irradiate                Conj/Tmut      ######....   2%          5    N/A
 Sticks to Snakes         Tmut           ###.....     4%          2    N/A
 Freezing Cloud           Conj/Ice/Air   #####.....   28%         6    N/A
 Regeneration             Chrm/Necr      Unusable     N/A         3    N/A
 Beastly Appendage        Tmut           Unusable     N/A         1    N/A
 Spider Form              Tmut/Pois      Unusable     N/A         3    N/A
 Ice Form                 Ice/Tmut       Unusable     N/A         4    N/A
 Blade Hands              Tmut           Unusable     N/A         5    N/A
 Hydra Form               Tmut           Unusable     N/A         6    N/A
 Statue Form              Tmut/Erth      Unusable     N/A         6    N/A
 Dragon Form              Tmut           Unusable     N/A         7    N/A

Skill      XL: |  1  2  3  4  5  6  7  8  9 10 11 12 13 14 15 16 17 |
---------------+----------------------------------------------------+-----
Spellcasting   | 3 4 5 7 8 9 10 11 13 14 | 14.6
Dodging        | 2 3 4 5 7 8 |  8.2
Necromancy     | 5 6 |  6.0
Armour         | 1 3 4 5 |  5.5
Fighting       | 2 6 8 10 11 12 14 15 | 15.0
Conjurations   | 4 6 8 9 10 | 10.2
Fire Magic     | 4 6 8 9 10 11 12 | 12.2
Charms         | 6 9 10 | 10.0
Shields        | 4 |  4.0
Poison Magic   | 1 4 |  4.0
Stealth        | |  1.6

Action                   |  1- 3 |  4- 6 |  7- 9 | 10-12 | 13-15 | 16-18 || total
-------------------------+-------+-------+-------+-------+-------+-------++-------
Melee: Dagger            |    43 |    39 |   768 |       |       |       ||   850
       Dire flail        |       |       |    44 |   207 |   153 |       ||   404
       Staff             |       |       |       |       |     5 |       ||     5
       Scimitar          |       |       |       |       |    51 |    91 ||   142
Throw: Throwing net      |       |       |       |     3 |     1 |       ||     4
 Cast: Pain              |    97 |   115 |   261 |   201 |     3 |       ||   677
       Vampiric Draining |     1 |       |     5 |    43 |     1 |    20 ||    70
       Animate Dead      |       |     2 |    26 |    48 |    48 |    23 ||   147
       Fireball          |       |       |       |   145 |   471 |   251 ||   867
       Bolt of Draining  |       |       |       |     2 |    73 |    24 ||    99
       Ring of Flames    |       |       |       |       |    50 |    33 ||    83
       Mephitic Cloud    |       |       |       |       |     7 |     1 ||     8
       Poison Arrow      |       |       |       |       |       |    28 ||    28
Evoke: Wand              |       |     4 |     9 |       |    13 |     7 ||    33
       Phial of floods   |       |       |       |     1 |     1 |     2 ||     4
       Lightning rod     |       |       |       |     1 |    10 |       ||    11
  Use: Scroll            |       |     5 |    10 |     7 |    19 |     5 ||    46
 Stab: Sleeping          |       |       |     7 |     3 |       |       ||    10
       Distracted        |       |       |       |     1 |     4 |       ||     5
       Confused          |       |       |       |       |     3 |       ||     3
Armor: Robe              |    14 |    19 |       |       |       |       ||    33
       Leather armour    |       |    10 |   271 |       |    17 |       ||   298
       Ring mail         |       |       |    86 |   134 |    55 |       ||   275
       Troll leather arm |       |       |       |   127 |   178 |   196 ||   501
Dodge: Dodged            |    32 |    45 |   562 |   312 |   348 |   233 ||  1532
Block: Buckler           |       |       |       |       |    39 |   119 ||   158
       Rpst.: Scimitar   |       |       |       |       |    13 |    15 ||    28

Inventory:

Hand Weapons
 b - a +2 scimitar of electrocution (weapon)
   (You took it off an orc high priest on level 2 of the Orcish Mines)
Missiles
 F - 3 throwing nets (quivered)
Armour
 j - a +2 pair of gloves (worn)
   (You found it on level 2 of the Dungeon)
 l - a +2 pair of boots (worn)
   (You found it on level 4 of the Dungeon)
 q - a +2 cloak (worn)
   (You found it on level 7 of the Dungeon)
 D - a +4 troll leather armour (worn)
   (You found it on level 10 of the Dungeon)
 E - a +3 ring mail of cold resistance
   (You found it on level 6 of the Lair of Beasts)
 G - a +2 buckler (worn)
   (You took it off a tengu warrior on level 14 of the Dungeon)
 I - a +2 leather armour of cold resistance
   (You found it on level 10 of the Dungeon)
 J - a +2 hat of intelligence (worn)
   (You found it on level 14 of the Dungeon)
 K - a +0 leather armour of fire resistance
   (You took it off an orc on level 2 of the Orcish Mines)
 L - a +1 hat of magic resistance
   (You took it off Gastronok on level 8 of the Dungeon)
 M - a +0 shield
   (You took it off a tengu warrior on level 14 of the Dungeon)
Magical Staves
 a - an uncursed staff of power
   (You found it on level 4 of the Spider Nest)
 R - an uncursed staff of wizardry
   (You acquired it on level 6 of the Lair of Beasts)
Jewellery
 m - the ring "Diczuir" (left hand) {rF- MP+9 Int+6 Stlth+}
   (You found it on level 4 of the Dungeon)

   [ring of magical power]

   It affects your intelligence (+6).
   It makes you vulnerable to fire.
   It affects your magic capacity (+9).
   It makes you more stealthy.
 p - an amulet of the acrobat (around neck)
   (You found it on level 4 of the Spider Nest)
 u - an uncursed ring of protection from cold
   (You found it on level 1 of the Lair of Beasts)
 w - a ring of fire (right hand)
   (You found it on level 3 of the Dungeon)
 N - an uncursed ring of protection from magic
   (You took it off a centaur warrior on level 15 of the Dungeon)
 O - an uncursed ring of flight
   (You found it on level 1 of the Spider Nest)
Wands
 c - a wand of clouds (5)
   (You bought it in a shop on level 2 of the Orcish Mines)
 d - a wand of digging (18)
   (You found it on level 8 of the Dungeon)
 e - a wand of disintegration (16)
   (You found it on level 12 of the Dungeon)
 g - a wand of paralysis (34)
   (You found it on level 11 of the Dungeon)
 v - a wand of acid (24)
   (You found it on level 1 of the Lair of Beasts)
 z - a wand of random effects (40)
   (You found it on level 2 of the Lair of Beasts)
 C - a wand of enslavement (5)
   (You found it on level 4 of the Lair of Beasts)
 H - a wand of iceblast (1)
   (You found it on level 10 of the Dungeon)
 Q - a wand of flame (13)
   (You found it on level 2 of the Spider Nest)
Scrolls
 f - 6 scrolls of fog
 h - 3 scrolls of fear
 i - 5 scrolls of amnesia
 k - 4 scrolls of enchant weapon
 n - 20 scrolls of remove curse
 o - 4 scrolls of immolation
 r - 12 scrolls of identify
 t - 5 scrolls of teleportation {!r}
 y - 2 scrolls of magic mapping
 B - a scroll of torment
 P - a scroll of enchant armour
 S - a scroll of summoning
Miscellaneous
 s - a phantom mirror
 x - a phial of floods (inert)
   (You found it on level 10 of the Dungeon)
 A - a lightning rod (4/4)
   (You found it on level 3 of the Lair of Beasts)


You were on level 4 of the Lair of Beasts.
You worshipped Vehumet.
Vehumet was exalted by your worship.
You were not hungry.

You visited 6 branches of the dungeon, and saw 29 of its levels.
You also visited: Ice Cave.

You collected 3119 gold pieces.
You spent 1949 gold pieces at shops.

Dungeon Overview and Level Annotations

Branches:
Dungeon (15/15)            Temple (1/1) D:4            Lair (6/6) D:10
 Shoals (1/4) Lair:4       Spider (4/4) Lair:2        Slime (0/5) Lair:6
    Orc (2/2) D:11            Elf (0/3) Orc:2        Vaults (0/5) D:13
 Depths (0/5) D:15

Altars:
Ashenzari
Cheibriados
Dithmenos
Elyvilon
Fedhas
Gozag
Hepliaklqana
Kikubaaqudgha
Nemelex Xobeh
Okawaru
Qazlal
Ru
Sif Muna
Trog
Uskayaw
Vehumet
Xom
Zin
The Shining One
Jiyva

Shops:
D:15 %   Orc:2 }}?%

Annotations:
D:10 exclusion: fire dragon
D:11 exclusion: cyclops
Lair:4 1 transporter, Pamm's ghost, journeyman NaWz
Lair:6 exclusion: fire dragon

...........# #.#(.........##...#
...........#####.........##.#.##
............# #..........###..#
...........####.........#.....#
...........###....PP.....#...P#
...............©.......###....##
#........#############.........#
#PP.....#####..§§§#####.......##
###....###.#.#.§@#...###......#
###...##..#..###WE#..##......#
#.....###...#%†)#≈#.###......##
#......#####..#†.### #.......P#
##....###...#...#...###.......#
#....##..#.y###..#..##.......#
#(...###..y#yyy#y.y###......##
##....#####yyWyy#####.......#
####..#############....>.).##


You could see Pamm's ghost and a friendly water elemental.

Notes
Turn   | Place    | Note
-------+----------+-------------------------------------------
     0 | D:1      | theanonym the Mummy Necromancer began the quest for the
                  | Orb.
     0 | D:1      | Reached XP level 1. HP: 13/13 MP: 4/4
   182 | D:1      | Reached XP level 2. HP: 19/19 MP: 1/5
   190 | D:1      | Reached skill level 3 in Spellcasting
   456 | D:1      | HP: 8/19 [dart slug (2)]
   763 | D:1      | Reached XP level 3. HP: 24/24 MP: 3/7
   825 | D:1      | Learned a level 3 spell: Vampiric Draining
   881 | D:1      | Reached skill level 2 in Dodging
  1315 | D:2      | HP: 11/24 [worm (2)]
  1342 | D:2      | HP: 7/24 [worm (4)]
  1455 | D:2      | HP: 9/24 [quokka (5)]
  1866 | D:2      | Found a faded altar of an unknown god.
  1973 | D:2      | Reached XP level 4. HP: 30/30 MP: 3/9
  2279 | D:2      | Reached skill level 5 in Necromancy
  3170 | D:3      | Learned a level 4 spell: Animate Dead
  3372 | D:4      | Reached skill level 4 in Spellcasting
  3372 | D:4      | Reached XP level 5. HP: 23/35 MP: 3/11
  3583 | D:4      | Noticed a centaur
  3586 | D:4      | Noticed an ogre
  3587 | D:4      | Killed a centaur
  3589 | D:4      | Killed an ogre
  3589 | D:4      | Reached skill level 3 in Dodging
  3589 | D:4      | Reached skill level 6 in Necromancy
  3589 | D:4      | Reached XP level 6. HP: 38/41 MP: 10/13
  3813 | D:4      | Noticed a two-headed ogre
  3843 | D:4      | Reached skill level 1 in Armour
  3843 | D:4      | Reached skill level 5 in Spellcasting
  3870 | D:4      | Reached XP level 7. HP: 34/46 MP: 3/14
  3882 | D:4      | HP: 23/46 [hound (3)]
  3885 | D:4      | HP: 11/46 [hound (3)]
  3917 | D:4      | HP: 12/46 [adder (4)]
  4156 | D:4      | Killed a two-headed ogre
  4156 | D:4      | Reached skill level 3 in Armour
  4156 | D:4      | Reached skill level 4 in Dodging
  4156 | D:4      | Reached skill level 7 in Spellcasting
  4156 | D:4      | Reached XP level 8. HP: 51/52 MP: 9/18
  4490 | D:4      | Found a staircase to the Ecumenical Temple.
  4495 | Temple   | Entered the Ecumenical Temple
  4578 | Temple   | Became a worshipper of Vehumet
  4659 | D:4      | Got a slimy ivory ring
  4689 | D:4      | Identified the ring "Diczuir" {rF- MP+9 Int+6 Stlth+} (You
                  | found it on level 4 of the Dungeon)
  4706 | D:5      | Entered Level 5 of the Dungeon
  6412 | D:6      | Reached skill level 5 in Dodging
  6445 | D:6      | Reached skill level 4 in Armour
  6625 | D:6      | Reached skill level 8 in Spellcasting
  6728 | D:6      | Found a stormy altar of Qazlal.
  7095 | D:6      | Reached * piety under Vehumet
  7095 | D:6      | Offered knowledge of Sandblast by Vehumet.
  7390 | D:6      | Noticed Edmund
  7391 | D:6      | Reached XP level 9. HP: 58/58 MP: 21/21
  7401 | D:6      | Killed Edmund
  7401 | D:6      | Reached skill level 1 in Fighting
  7608 | D:6      | HP: 24/59 [centaur/arrow (6)]
  7609 | D:6      | Reached skill level 5 in Armour
  7997 | D:6      | Found a stormy altar of Qazlal.
  8496 | D:7      | Reached skill level 9 in Spellcasting
  8508 | D:7      | Reached skill level 2 in Fighting
  8695 | D:7      | Identified the +3 hand axe of the Mouth {venom, *Slow +Rage
                  | rN+ Dex+3}
  8967 | D:7      | Learned a level 5 spell: Fireball
  9426 | D:7      | HP: 24/62 [orc warrior/+0 flail (19)]
  9624 | D:7      | Reached skill level 1 in Conjurations
  9624 | D:7      | Reached skill level 1 in Fire Magic
  9781 | D:8      | Noticed Gastronok
  9831 | D:8      | Reached skill level 2 in Conjurations
  9831 | D:8      | Reached skill level 2 in Fire Magic
  9944 | D:8      | Noticed Pikel
  9959 | D:8      | Killed Pikel
  9959 | D:8      | Reached skill level 3 in Conjurations
  9959 | D:8      | Reached skill level 3 in Fire Magic
 10002 | D:8      | Found a sacrificial altar of Ru.
 10026 | D:8      | Offered knowledge of Throw Frost by Vehumet.
 10158 | D:8      | Reached ** piety under Vehumet
 10466 | D:9      | Noticed a two-headed ogre
 10474 | D:9      | HP: 12/62 [two-headed ogre/+0 giant club (25)]
 10474 | D:9      | HP: 1/62 [two-headed ogre/+0 giant club (11)]
 10481 | D:9      | Killed a two-headed ogre
 10481 | D:9      | Reached skill level 4 in Conjurations
 10481 | D:9      | Reached skill level 4 in Fire Magic
 10481 | D:9      | Reached XP level 10. HP: 3/69 MP: 18/23
 11474 | D:9      | Got a pair of dazzling boots
 11482 | D:9      | Identified the cursed +0 pair of boots of Calculation
                  | {*Slow rN+++ Slay-6 Stlth+} (You found it on level 9 of the
                  | Dungeon)
 11520 | D:9      | Offered knowledge of Ignite Poison by Vehumet.
 11734 | D:9      | Found a blossoming altar of Fedhas.
 11735 | D:9      | Noticed Harold
 11753 | D:9      | HP: 28/69 [Harold/+0 trident (13)]
 11760 | D:9      | HP: 23/69 [Harold/+0 trident (2)]
 11761 | D:9      | HP: 10/69 [Harold/+0 trident (13)]
 11762 | D:9      | Killed Harold
 11762 | D:9      | Reached skill level 5 in Conjurations
 11762 | D:9      | Reached skill level 5 in Fire Magic
 12248 | D:10     | Entered Level 10 of the Dungeon
 12460 | D:10     | Reached skill level 6 in Conjurations
 12460 | D:10     | Reached skill level 6 in Fire Magic
 12586 | D:10     | Found a shadowy altar of Dithmenos.
 12832 | D:10     | Noticed a cyclops
 12869 | D:10     | Reached *** piety under Vehumet
 13036 | D:10     | Killed a cyclops
 13183 | D:10     | Reached XP level 11. HP: 74/74 MP: 24/24
 13185 | D:10     | Found a staircase to the Lair.
 13185 | D:10     | Noticed a fire dragon
 13191 | D:10     | HP: 31/74 [fire dragon/blast of flame (43)]
 13205 | D:11     | HP: 34/74 [something (5)]
 13210 | D:11     | HP: 29/74 [something (8)]
 13234 | D:11     | HP: 21/74 [cyclops/large rock (23)]
 13254 | D:11     | HP: 23/74 [centaur/arrow (11)]
 13470 | D:10     | Killed an unseen horror
 13470 | D:10     | Reached skill level 3 in Fighting
 13541 | D:10     | Offered knowledge of Force Lance by Vehumet.
 13738 | Lair:1   | Entered Level 1 of the Lair of Beasts
 13882 | Lair:1   | Reached skill level 7 in Fire Magic
 13884 | Lair:1   | Reached skill level 7 in Conjurations
 13918 | Lair:1   | Reached skill level 4 in Fighting
 15254 | Lair:2   | Reached **** piety under Vehumet
 15254 | Lair:2   | Reached skill level 5 in Fighting
 15254 | Lair:2   | Reached skill level 10 in Spellcasting
 15446 | Lair:2   | Found a hole to the Spider Nest.
 15559 | Lair:2   | Noticed Urug
 15572 | Lair:2   | Killed Urug
 15896 | Lair:2   | Reached skill level 8 in Fire Magic
 15900 | Lair:2   | Reached skill level 6 in Fighting
 15900 | Lair:2   | Reached skill level 8 in Conjurations
 15926 | Lair:2   | Reached XP level 12. HP: 72/88 MP: 6/26
 16434 | Lair:2   | Offered knowledge of Stone Arrow by Vehumet.
 16889 | Lair:3   | Noticed an eight-headed hydra
 17201 | Lair:3   | Killed an eight-headed hydra
 17201 | Lair:3   | Reached skill level 7 in Fighting
 17845 | Lair:4   | Found a transporter.
 17845 | Lair:4   | Found a transporter.
 17848 | Lair:4   | Found the +8 longbow "Zephyr" {speed, Dex+3 SInv}
 17852 | Lair:4   | Noticed Pamm's ghost (journeyman NaWz)
 18092 | Lair:4   | Reached skill level 9 in Conjurations
 18093 | Lair:4   | Reached skill level 9 in Fire Magic
 18660 | Lair:4   | Found a staircase to the Shoals.
 18732 | Lair:4   | Learned a level 3 spell: Mephitic Cloud
 19034 | Lair:5   | Reached skill level 8 in Fighting
 19518 | Lair:5   | HP: 46/94 [wolf (5)]
 19521 | Lair:5   | Reached ***** piety under Vehumet
 19521 | Lair:5   | Offered knowledge of Bolt of Draining by Vehumet.
 19687 | Lair:5   | Learned a level 5 spell: Bolt of Draining
 20304 | Lair:6   | Entered Level 6 of the Lair of Beasts
 20311 | Lair:6   | Gained mutation: You are in touch with the powers of death.
                  | [Mummy growth]
 20311 | Lair:6   | Reached XP level 13. HP: 100/100 MP: 8/27
 20606 | Lair:6   | Identified a scroll of acquirement
 20712 | Lair:6   | Reached skill level 9 in Fighting
 20818 | Lair:6   | Learned a level 7 spell: Ring of Flames
 21102 | Lair:6   | Reached skill level 1 in Charms
 21271 | Lair:6   | Reached skill level 10 in Conjurations
 21375 | Lair:6   | Reached skill level 2 in Charms
 21375 | Lair:6   | Reached skill level 10 in Fire Magic
 21523 | Lair:6   | Reached skill level 3 in Charms
 21676 | Lair:6   | Noticed a dire elephant
 21684 | Lair:6   | Killed a dire elephant
 21706 | Lair:6   | Reached skill level 4 in Charms
 22261 | Lair:6   | Reached skill level 10 in Fighting
 22618 | Lair:6   | Reached skill level 5 in Charms
 22716 | Lair:6   | Found a staircase to the Slime Pits.
 23065 | Lair:6   | Offered knowledge of Irradiate by Vehumet.
 23097 | Lair:6   | Noticed a fire dragon
 23540 | D:10     | Killed a fire dragon
 23735 | D:10     | Reached skill level 6 in Charms
 23737 | D:10     | Reached XP level 14. HP: 111/111 MP: 23/28
 24071 | D:8      | Killed Gastronok
 25274 | D:11     | Noticed Fannar
 25277 | D:11     | Killed Fannar
 25428 | D:11     | Reached skill level 7 in Charms
 25462 | D:11     | Found a staircase to the Orcish Mines.
 25503 | Orc:1    | Entered Level 1 of the Orcish Mines
 25863 | Orc:1    | Found a frozen archway.
 25891 | IceCv    | Entered an ice cave
 26017 | IceCv    | Found a transporter.
 26046 | IceCv    | Found the +3 sling "Punk" {acid, rCorr}
 26054 | IceCv    | Found a transporter.
 26057 | IceCv    | Reached skill level 11 in Fighting
 26508 | Orc:1    | Found a bloodstained altar of Trog.
 26556 | Orc:2    | Entered Level 2 of the Orcish Mines
 26559 | Orc:2    | Noticed Nessos
 26565 | Orc:2    | Killed Nessos
 27135 | Orc:2    | Reached skill level 11 in Fire Magic
 27168 | Orc:2    | HP: 54/113 [orc knight/+0 war axe (18)]
 27516 | Orc:2    | Reached skill level 8 in Charms
 27760 | Orc:2    | Offered knowledge of Venom Bolt by Vehumet.
 29056 | Orc:2    | Found Epogozao's Magic Scroll Emporium.
 29059 | Orc:2    | Found Azucvimn's Gadget Shoppe.
 29060 | Orc:2    | Found Seazyar's Food Emporium.
 29061 | Orc:2    | Found Mempoa's Gadget Emporium.
 29068 | Orc:2    | Bought a scroll of identify for 30 gold pieces
 29068 | Orc:2    | Bought a scroll of identify for 30 gold pieces
 29068 | Orc:2    | Bought a scroll of teleportation for 45 gold pieces
 29158 | Orc:2    | Found a staircase to the Elven Halls.
 29351 | Orc:2    | Found a staircase to the Elven Halls.
 29430 | Orc:2    | Found Epogozao's Magic Scroll Emporium.
 29432 | Orc:2    | Found Mempoa's Gadget Emporium.
 29435 | Orc:2    | Found Azucvimn's Gadget Shoppe.
 29436 | Orc:2    | Found Seazyar's Food Emporium.
 29956 | Lair:6   | Found the +10 Black Knight's horse barding {ponderous,
                  | rPois rN+}
 30464 | D:12     | Noticed Rupert
 31305 | D:12     | Killed Rupert
 31305 | D:12     | Reached skill level 9 in Charms
 31551 | Orc:2    | Bought a wand of acid (9) for 416 gold pieces
 31551 | Orc:2    | Bought a wand of clouds (6) for 480 gold pieces
 31551 | Orc:2    | Bought a wand of acid (5) for 288 gold pieces
 31553 | Orc:2    | Bought a wand of digging (7) for 330 gold pieces
 31553 | Orc:2    | Bought a wand of digging (7) for 330 gold pieces
 32310 | D:13     | Reached XP level 15. HP: 120/120 MP: 19/29
 32431 | D:13     | Found a gate to the Vaults.
 33201 | D:13     | Found a runed door.
 33202 | D:13     | Found a shimmering altar of Xom.
 33202 | D:13     | Noticed Parsifal's ghost (journeyman DsFi)
 33220 | D:13     | HP: 54/120 [+2 flail of chaos (18)]
 33533 | D:13     | Killed Parsifal's ghost
 33713 | D:14     | Noticed Kirke
 33723 | D:14     | Killed Kirke
 33723 | D:14     | Reached skill level 12 in Fighting
 35000 | D:15     | Entered Level 15 of the Dungeon
 35358 | D:15     | Reached skill level 10 in Charms
 35665 | D:15     | theanonym: !hs mune
 35665 | D:15     | beem: No games for mune (sc<1000000000).>
                  | ERROR: string above had unterminated tag
 35667 | D:15     | theanonym: !lg * mune max=score
 35667 | D:15     | beem: 45558. glosham the Sorcerer (L27 MuNe of Sif Muna),
                  | escaped with the Orb and 15 runes on 2015-04-30 02:42:54,
                  | with 22650124 points after 66078 turns and 1d+9:49:53.
 35685 | D:15     | Found a deep blue altar of Sif Muna.
 35793 | D:15     | Reached skill level 12 in Fire Magic
 36154 | D:15     | Found Vusmu's Food Emporium.
 36225 | D:15     | Found a viscous altar of Jiyva.
 36260 | D:15     | Reached skill level 1 in Shields
 36564 | D:15     | Reached ****** piety under Vehumet
 36894 | D:15     | Found a staircase to the Depths.
 37185 | Shoals:1 | Entered Level 1 of the Shoals
 37191 | Shoals:1 | Reached skill level 2 in Shields
 37204 | Shoals:1 | HP: 55/122 [cloud of flame (26)]
 37209 | Shoals:1 | HP: 41/122 [merfolk impaler/+0 trident of piercing (19)]
 37212 | Shoals:1 | HP: 13/122 [merfolk impaler/+0 trident of piercing (11)]
 37212 | Shoals:1 | HP: 5/122 [merfolk impaler/+0 trident of piercing (7)]
 37214 | Shoals:1 | HP: 1/122 [merfolk/+0 halberd (4)]
 37473 | Spider:1 | Entered Level 1 of the Spider Nest
 37481 | Lair:2   | Offered knowledge of Bolt of Fire by Vehumet.
 37488 | Spider:1 | HP: 55/122 [redback (9)]
 37490 | Lair:2   | Reached skill level 11 in Spellcasting
 37490 | Lair:2   | Reached skill level 3 in Shields
 37979 | Lair:2   | HP: 60/122 [demonic crawler (10)]
 38135 | Spider:1 | HP: 58/122 [tarantella (5)]
 38141 | Spider:1 | HP: 36/122 [hornet (6)]
 38146 | Spider:1 | HP: 38/122 [fell downstairs (1)]
 38660 | Spider:1 | Reached skill level 4 in Shields
 38891 | Spider:1 | You fall through a shaft!
 38893 | Spider:2 | Reached XP level 16. HP: 119/129 MP: 31/31
 38894 | Spider:2 | Reached skill level 13 in Fighting
 38897 | Spider:2 | HP: 64/130 [wolf spider (17)]
 38902 | Spider:2 | HP: 31/130 [wolf spider (3)]
 38904 | Spider:2 | Offered knowledge of Ozocubu's Refrigeration by Vehumet.
 38913 | Spider:2 | HP: 41/130 [wolf spider (4)]
 38922 | Spider:2 | HP: 62/131 [wolf spider (4)]
 38929 | Spider:2 | HP: 65/131 [wolf spider (2)]
 38935 | Spider:2 | HP: 51/131 [redback (11)]
 38945 | Spider:2 | HP: 44/131 [redback (4)]
 38993 | Spider:2 | Reached skill level 12 in Spellcasting
 39034 | Spider:2 | HP: 62/131 [jumping spider (10)]
 39060 | Spider:2 | HP: 51/131 [jumping spider (4)]
 39089 | Spider:2 | HP: 58/131 [redback (10)]
 39095 | Spider:2 | Noticed Louise
 39274 | Spider:2 | Killed Louise
 40438 | Spider:3 | Reached skill level 6 in Dodging
 40720 | Spider:3 | Reached skill level 13 in Spellcasting
 40888 | Spider:3 | Reached skill level 14 in Fighting
 41221 | Spider:4 | Entered Level 4 of the Spider Nest
 41401 | Spider:3 | Offered knowledge of Poison Arrow by Vehumet.
 41512 | Spider:4 | Reached skill level 7 in Dodging
 41526 | Spider:3 | HP: 65/134 [demonic crawler (4)]
 41544 | Spider:3 | HP: 60/134 [demonic crawler (3)]
 42116 | Spider:4 | Learned a level 6 spell: Poison Arrow
 42670 | Spider:4 | Reached skill level 1 in Poison Magic
 42733 | Spider:4 | Reached XP level 17. HP: 140/140 MP: 28/34
 43058 | Spider:4 | Reached skill level 2 in Poison Magic
 43489 | Spider:4 | Reached skill level 14 in Spellcasting
 43678 | Spider:4 | Reached skill level 3 in Poison Magic
 44363 | Spider:4 | Offered knowledge of Spellforged Servitor by Vehumet.
 44460 | Spider:4 | Reached skill level 4 in Poison Magic
 44699 | Spider:4 | Noticed Agnes
 44712 | Spider:4 | Killed Agnes
 44868 | Spider:4 | Reached skill level 8 in Dodging
 44951 | Spider:4 | Got a gossamer rune of Zot
 45096 | Spider:4 | Reached skill level 15 in Fighting
 45455 | Lair:4   | HP: 70/142 [Pamm's ghost (19)]
 45462 | Lair:4   | Killed from afar by Pamm's ghost

Vanquished Creatures
  Rupert (D:12)
  Gastronok (D:8)
  Kirke (D:14)
  Agnes (Spider:4)
  2 ghost moths (Spider:4)
  5 emperor scorpions
  Louise (Spider:2)
  An ironheart preserver (D:13)
  4 entropy weavers
  Nessos (Orc:2)
  6 spark wasps
  2 fire dragons
  The ghost of Parsifal the Slicer, a journeyman DsFi of Uskayaw (D:13)
  A yaktaur captain (D:15)
  Harold (D:9)
  Fannar (D:11)
  5 centaur warriors
  A catoblepas (Lair:6)
  4 hydras
  2 tengu warriors (D:14)
  8 death scarabs (Spider:4)
  2 death yaks (Lair:6)
  2 two-headed ogres
  A queen ant (Spider:4)
  5 orc high priests (Orc:2)
  A spectral emperor scorpion (Spider:4)
  3 unseen horrors
  A swamp dragon (Lair:6)
  2 lindwurms (Lair:6)
  7 orc knights
  4 spectral wolf spiders (Spider:4)
  Pikel (D:8)
  12 orb spiders
  2 wolf spider zombies (Spider:4)
  3 cyclopes
  A deep elf mage (D:12)
  An orc sorcerer (Orc:1)
  2 manticores
  4 oklob plants (Lair:6)
  31 wolf spiders
  2 moths of wrath (Spider:4)
  16 ugly things
  2 merfolk sirens (Shoals:1)
  2 elephants (Lair:6)
  2 ice statues (IceCv)
  4 black mambas
  12 spiny frogs
  4 torpor snails
  A komodo dragon (shapeshifter) (D:15)
  7 spectral redbacks (Spider:4)
  6 rime drakes (Lair:6)
  A kobold demonologist (D:13)
  8 komodo dragons
  A yaktaur (D:15)
  13 demonic crawlers
  2 redback zombies (Spider:4)
  4 trolls
  2 queen bees
  5 spectral tarantellas (Spider:4)
  A wolf spider simulacrum (D:15)
  28 jumping spiders
  2 merfolk (Shoals:1)
  A polar bear (Lair:6)
  7 meliai
  11 hornets
  7 blink frogs
  A slime creature (D:15)
  6 dream sheep
  2 snapping turtles
  A tarantella zombie (Spider:4)
  A spectral jumping spider (Spider:4)
  8 hippogriffs
  50 yaks
  78 redbacks
  A spriggan (shapeshifter) (D:14)
  43 tarantellas
  A wyvern (Lair:2)
  2 hogs (D:14)
  2 basilisks
  A hungry ghost (D:8)
  A warg (Orc:2)
  2 steam dragons
  2 vampire mosquitoes (D:15)
  Edmund (D:6)
  4 acid dragons
  5 porcupines
  12 water moccasins
  6 soldier ants
  6 ice beasts
  36 orc warriors
  3 slaves (D:8)
  4 sky beasts
  2 black bears
  4 hornet zombies (Spider:4)
  41 wolves
  12 ogres
  8 centaurs
  12 crocodiles
  18 bullfrogs
  3 big kobolds (D:10)
  3 wyvern skeletons
  5 scorpions
  34 killer bees
  6 wights
  2 electric eels (Spider:2)
  2 howler monkeys
  5 crimson imps
  3 bullfrog zombies
  4 centaur zombies
  11 jellies
  10 hounds
  24 orc priests
  A bullfrog skeleton (D:12)
  6 centaur skeletons
  8 iguanas
  19 orc wizards
  33 worker ants
  A howler monkey zombie (D:7)
  2 howler monkey skeletons
  A worker ant zombie (D:6)
  6 gnolls
  17 adders
  A shadow imp (D:11)
  8 oozes
  An adder skeleton (D:6)
  5 worms
  4 dart slugs
  3 leopard geckos
  59 orcs
  4 ball pythons
  5 giant cockroaches
  4 goblins
  12 hobgoblins
  12 jackals
  22 kobolds
  6 quokkas
  14 bats
  5 frilled lizards
  2 leopard gecko skeletons (D:6)
  8 rats
  A bush (Lair:5)
  6 fungi
  6 plants
1056 creatures vanquished.

Vanquished Creatures (collateral kills)
  An entropy weaver (Spider:4)
  A dire elephant (Lair:6)
  A merfolk impaler (Shoals:1)
  A merfolk avatar (Shoals:1)
  A death yak (Lair:6)
  Urug (Lair:2)
  A wolf spider zombie (Spider:4)
  An orc knight (Orc:2)
  2 orb spiders
  2 wolf spiders (Spider:3)
  A torpor snail (Lair:6)
  A spiny frog (Lair:1)
  A rime drake (Lair:6)
  A demonic crawler (Spider:2)
  A komodo dragon (Lair:3)
  6 jumping spiders
  2 merfolk (Shoals:1)
  A hornet (Spider:4)
  A blink frog (Lair:6)
  A jumping spider zombie (Spider:4)
  A dream sheep (Lair:6)
  10 redbacks
  8 yaks
  A wyvern (Lair:1)
  A warg (D:11)
  An acid dragon (Lair:6)
  2 porcupines (Lair:2)
  2 water moccasins
  3 ice beasts (IceCv)
  2 orc warriors (Orc:2)
  An ogre (D:4)
  A centaur (D:9)
  14 wolves
  A big kobold (D:8)
  2 bullfrogs
  A scorpion (D:6)
  A howler monkey (D:11)
  A centaur zombie (D:10)
  A hound (D:8)
  A centaur skeleton (D:5)
  2 orc priests (Orc:2)
  An orc wizard (D:10)
  A bullfrog skeleton (D:6)
  2 worker ants (Spider:4)
  An adder (D:4)
  A shadow imp (D:5)
  8 orcs
  A jackal skeleton (D:5)
  2 kobolds (D:10)
  A butterfly (Lair:6)
  6 fungi
  4 plants
113 creatures vanquished.

Vanquished Creatures (others)
  A human (D:14)
  A hound (D:8)
  2 bushes (Lair:6)
  22 fungi
  33 plants
59 creatures vanquished.

Grand Total: 1228 creatures vanquished

Table legend:
 A = Turns spent in this place as a percentage of turns spent in the entire game.
 B = Non-inter-level travel turns spent in this place as a percentage of non-inter-level travel turns spent in the entire game.
 C = Inter-level travel turns spent in this place as a percentage of turns spent in this place.
 D = Turns resting spent in this place as a percentage of non-inter-level travel turns spent in this place.
 E = Turns spent auto-exploring this place as a percentage of non-inter-level travel turns spent in this place.
 F = Non-inter-level travel turns spent in this place divided by the number of levels of this place that you've seen.
                   A       B       C       D       E      F
               +-------+-------+-------+-------+-------+----------------------
         Total | 100.0 | 100.0 |   7.0 |  50.3 |  32.8 | 1409.9
       Dungeon |  50.3 |  50.0 |   7.5 |  46.4 |  34.1 | 1410.1
        Temple |   0.2 |   0.2 |  33.7 |   0.0 |  95.7 |  69.0
          Lair |  25.3 |  25.1 |   7.6 |  51.1 |  37.9 | 1767.7
        Shoals |   0.1 |   0.1 |   0.0 |   0.0 |   0.0 |  40.0
   Spider Nest |  15.5 |  16.0 |   3.6 |  58.5 |  24.6 | 1692.8
  Orcish Mines |   8.0 |   7.9 |   7.7 |  55.4 |  26.6 | 1671.5
      Ice Cave |   0.7 |   0.7 |   0.0 |  71.7 |   7.0 | 315.0
               +-------+-------+-------+-------+-------+----------------------
